 Dungeon Crawl Stone Soup version 0.29.0-13-gc9e81de378 (webtiles) character file.

Game seed: 3325904338704683390

171 trckry the Grasshopper (level 5, -5/41 HPs)
             Began as a Barachi Warper on Sept 8, 2022.
             Slain by an ogre
             ... wielding a +0 giant club
              (26 damage)
             ... on level 4 of the Dungeon.
             The game lasted 00:08:28 (5219 turns).

trckry the Grasshopper (Barachi Warper)             Turns: 5219, Time: 00:08:28

Health: -5/41      AC:  4    Str: 14    XL:     5   Next: 51%
Magic:  18/18      EV: 12    Int: 13    God:
Gold:   169        SH:  0    Dex: 12    Spells: 8/10 levels left

rFire   . . .      SeeInvis .   r - +0 flail
rCold   . . .      Faith    .   (no shield)
rNeg    . . .      Spirit   .   b - +0 leather armour
rPois   +          Reflect  .   (no helmet)
rElec   .          Harm     .   m - +0 cloak
rCorr   .          Rampage  .   (no gloves)
Will    .....                   (no boots)
Stlth   +.........              (no amulet)
HPRegen 0.13/turn               k - ring of poison resistance
MPRegen 0.16/turn               t - ring of magical power

@: slow
A: amphibious, slowness 1, strong legs 1, +LOS
a: Hop


You were on level 4 of the Dungeon.
You visited 1 branch of the dungeon, and saw 4 of its levels.

You collected 169 gold pieces.

Inventory:

Hand Weapons
 r - a +0 flail (weapon)
Missiles
 d - 7 boomerangs of dispersal
 u - an atropa-tipped dart (quivered)
Armour
 b - a +0 leather armour (worn)
 m - a +0 cloak (worn)
 q - a scarf of resistance
Jewellery
 k - a ring of poison resistance (left hand)
 t - a ring of magical power (right hand)
Scrolls
 c - 2 scrolls of blinking
 e - a scroll of poison {unknown}
 h - 3 scrolls of identify {unknown}
 i - a scroll of teleportation {unknown}
 j - 2 scrolls of vulnerability {unknown}
 n - a scroll of enchant weapon {unknown}
 o - 2 scrolls of amnesia {unknown}
Potions
 f - a potion of curing {unknown}
 g - a potion of flight {unknown}
 l - a potion of ambrosia {unknown}
 p - a potion of heal wounds {unknown}
 s - a potion of degeneration {unknown}


   Skills:
 - Level 3.0 Fighting
 * Level 3.8 Maces & Flails
 - Level 1.0 Throwing
 + Level 2.6 Armour
 + Level 3.1 Dodging
 - Level 3.0 Spellcasting
 + Level 3.8 Translocations


You had 8 spell levels left.
You knew the following spells:

 Your Spells              Type           Power      Damage    Failure   Level
a - Blink                 Tloc           24%        N/A       9%          2

Your spell library contained the following spells:

 Spells                   Type           Power      Damage    Failure   Level
 Gell's Gravitas          Tloc           12%        N/A       17%         3
 Lesser Beckoning         Tloc           12%        N/A       17%         3
 Teleport Other           Tloc           12%        N/A       17%         3
 Magic Dart               Conj           4%         1d3       28%         1
 Call Imp                 Summ           1%         N/A       38%         2
 Sublimation of Blood     Necr           1%         N/A       38%         2
 Mephitic Cloud           Conj/Pois/Air  1%         N/A       63%         3
 Manifold Assault         Tloc           12%        N/A       85%         5
 Petrify                  Tmut/Erth      1%         N/A       95%         4
 Irradiate                Conj/Tmut      0%         3d11      100%        5


Dungeon Overview and Level Annotations

Branches:
Dungeon (4/15) Zot: 18252
 Temple: D:4-7

Altars:
Qazlal


Innate Abilities, Weirdness & Mutations

You are amphibious.
You cover ground slowly.
You can hop short distances.
You have an extended range of vision and can be seen from far away.


Message History

Health restored: 41
There is a stone staircase leading down, spattered with blood here.
You climb downwards.
There is a stone staircase leading up here.
The orc shouts!
You hit the orc.
The orc is severely wounded.
The orc hits you with a +1 dagger of holy wrath.
You take 1 damage, and have 40/41 hp.
You sock the orc!
You kill the orc!
You see here a +1 dagger of holy wrath.
Health restored: 41
There is a stone staircase leading up here.
The ogre shouts!
There is a stone staircase leading up here.
Okay, then.
Search for what [? for help]? pois Search for what [Enter for "pois", or ? for help]?
Unknown command.
Okay, then.
You aren't carrying any items that you can evoke.
Okay, then.
Unknown command.
Throw: 3 darts (atropa)
Press: ? - help, Q - select action, (/) - cycle Shift-Dir - straight line, f - ogre
Aim: an ogre, wielding a +0 giant club (73% to hit, chance to blind on hit: 27%)
You throw an atropa-tipped dart. The atropa-tipped dart hits the ogre.
The ogre resists.
Throw: 2 darts (atropa)
Press: ? - help, Q - select action, (/) - cycle Shift-Dir - straight line, f/p - ogre
Aim: an ogre, wielding a +0 giant club (73% to hit, chance to blind on hit: 27%)
You throw an atropa-tipped dart. The atropa-tipped dart hits the ogre.
The ogre appears confused.
The ogre hits you with a +0 giant club!!
You take 20 damage, and have 21/41 hp.
MASSIVE DAMAGE!!
The ogre seems less confused.
The ogre hits you with a +0 giant club!!
Ouch! That really hurt!
You die...

## .##
########### ..#
##...O@....###
..#
#...(....)<..#
..#
##...######...#
..### ##...##
###.##
g...#####...##
#..#
............#
#..#
...##########
#..# O.## #..#
g.# #..#


You could see an ogre (blind).

Vanquished Creatures
  An orc priest (D:3)
  An iguana (D:3)
  A gnoll (D:3)
  3 adders (D:3)
  A worm (D:3)
  7 orcs
  11 ball pythons
  7 endoplasms
  3 giant cockroaches
  3 goblins
  6 hobgoblins
  2 quokkas (D:3)
  9 bats
  3 frilled lizards (D:1)
  7 kobolds
  7 rats
72 creatures vanquished.

Vanquished Creatures (others)
  5 fungi (D:1)
  A plant (D:1)
6 creatures vanquished.

Grand Total: 78 creatures vanquished

Notes
Turn   | Place    | Note
-------+----------+-------------------------------------------
     0 | D:1      | trckry the Barachi Warper began the quest for the Orb.
     0 | D:1      | Reached XP level 1. HP: 17/17 MP: 3/3
   302 | D:1      | Reached XP level 2. HP: 23/23 MP: 5/5
   491 | D:1      | Found a faded altar of an unknown god.
   912 | D:1      | Learned a level 2 spell: Blink
   979 | D:1      | Reached XP level 3. HP: 26/28 MP: 6/6
  2500 | D:3      | Reached XP level 4. HP: 21/34 MP: 8/8
  2730 | D:3      | HP: 5/51 [orc priest/+0 short sword (4)]
  2731 | D:3      | HP: 2/51 [orc priest/+0 short sword (3)]
  3641 | D:3      | Reached XP level 5. HP: 27/41 MP: 9/9
  3981 | D:3      | Found a stormy altar of Qazlal.
  4090 | D:4      | Noticed an ogre
  4721 | D:3      | HP: 6/41 [gnoll/+0 flail (8)]
  5219 | D:4      | Slain by an ogre

Illustrated notes

Levels and vault maps discovered:
D:1:      lightli_arrival_statue_moat, layout_basic,
          shapermc_ecumenical_altar_hornbeckon
D:2:      layout_loops_ring, minmay_misc_feat_alley
D:3:      minmay_diamond_boxcup, layout_loops_ring,
          mainiacjoe_overflow_alcove_4, wad_floor_pattern_2,
          kennysheep_generic_room_2
D:4:      layout_layer_cave, minmay_surrounded

Skill      XL: |  1  2  3  4  5 |
---------------+----------------+-----
Armour         | 2 |  2.6
Fighting       | 3 |  3.0
Maces & Flails | 3 |  3.8
Spellcasting   | 3 |  3.0
Dodging        | 3 |  3.1
Throwing       | |  1.0
Translocations | |  3.8

Action                   |  1- 3 |  4- 6 || total
-------------------------+-------+-------++-------
Melee: Mace              |   141 |   115 ||   256
       Flail             |       |     2 ||     2
       Punch             |       |     1 ||     1
Throw: Dart              |       |     2 ||     2
 Abil: Hop               |       |     2 ||     2
  Use: Potion            |       |     2 ||     2
 Stab: Sleeping          |     1 |       ||     1
Armor: Leather armour    |    59 |    29 ||    88
Dodge: Dodged            |   126 |    99 ||   225
